 Dungeon Crawl Stone Soup version 0.19-a0-965-g50bf062 (webtiles) character file.

24 Gottschkopf the Magician (level 2, 0/15 HPs)
             Began as a Deep Elf Conjurer on July 12, 2016.
             Killed from afar by Sigmund (10 damage)
             ... with a puff of flame
             ... on level 2 of the Dungeon.
             The game lasted 00:01:51 (939 turns).

Gottschkopf the Magician (Deep Elf Conjurer)         Turns: 939, Time: 00:01:52

Health: 0/15       AC:  2    Str:  8    XL:     2   Next: 79%
Magic:  1/9        EV: 13    Int: 19    God:
Gold:   63         SH:  0    Dex: 15    Spells: 2 memorised, 7 levels left

rFire  . . .     SeeInvis .     k - +0 dagger (vamp)
rCold  . . .     Gourm    .     a - +0 robe
rNeg   . . .     Faith    .     (no shield)
rPois  .         Spirit   .     (no helmet)
rElec  .         Dismiss  .     (no cloak)
rCorr  .         Reflect  .     (no gloves)
SustAt .         Harm     .     (no boots)
MR     .....                    (no amulet)
Stlth  +.........               (no ring)
                                d - +3 ring of strength

@: confused, not resistant to hostile enchantments, very unstealthy
A: no striking features
a: no special abilities


You were on level 2 of the Dungeon.
You were not hungry.

You visited 1 branch of the dungeon, and saw 2 of its levels.

You collected 63 gold pieces.

Inventory:

Hand Weapons
 e - a +0 dagger
 k - a +0 vampiric dagger (weapon)
Armour
 a - a +0 robe (worn)
Jewellery
 d - a +3 ring of strength (left hand)
Scrolls
 f - a scroll of magic mapping {unknown}
 g - a scroll of blinking {unknown}
 j - a scroll of identify {unknown}
 n - a scroll of enchant weapon {unknown}
Potions
 h - 2 potions of curing {unknown}
 i - a potion of resistance {unknown}
 o - a potion of heal wounds {unknown}
Books
 b - a book of Conjurations

   Spells                             Type                      Level
   a - Magic Dart                     Conjuration                  1
   b - Searing Ray                    Conjuration                  2
   c - Dazzling Spray                 Conjuration/Hexes            3
   d - Fulminant Prism                Conjuration/Hexes            4
   e - Iskenderun's Mystic Blast      Conjuration                  4
   f - Iskenderun's Battlesphere      Conjuration/Charms           5
Comestibles
 c - 3 bread rations
 m - a meat ration


   Skills:
 - Level 2.4 Dodging
 - Level 2.4 Stealth
 + Level 4.7 Spellcasting
 - Level 4.3 Conjurations


You had 7 spell levels left.
You knew the following spells:

 Your Spells              Type           Power        Failure   Level  Hunger
a - Magic Dart            Conj           ###.         1%          1    None
b - Searing Ray           Conj           ###...       3%          2    #......


Dungeon Overview and Level Annotations

Branches:
Dungeon (2/15)

Altars:

Annotations:
D:2 Sigmund


Message History

The searing ray hits the hobgoblin.
You kill the hobgoblin!
Sigmund barely misses you.
The searing ray hits Sigmund.
Sigmund barely misses you.
The searing ray hits Sigmund.
Sigmund is moderately wounded.
The searing ray hits the kobold.
You kill the kobold!
The searing ray hits Sigmund.
Sigmund is heavily wounded.
You finish channeling your searing ray.
Sigmund gestures at you while chanting. You resist with significant effort.
Sigmund laughs darkly.
Sigmund points at you and mumbles some strange words.
You are confused.
Sigmund gestures at you while chanting. The puff of flame hits you!
Ouch! That really hurt!
You die...

#........#
#..<..K..#
######.###
#...#########
#......(..#
#..)<.....#
#....@....#
#.........####
#........@...#
#.........##..#
###########
.... ###


You could see Sigmund.

Vanquished Creatures
  A dart slug (D:1)
  4 bats (D:1)
  2 giant cockroaches (D:1)
  3 hobgoblins
  6 kobolds
  2 ball pythons (D:1)
  2 giant newts (D:1)
  A goblin (D:1)
  3 rats (D:1)
24 creatures vanquished.

Notes
Turn   | Place    | Note
-------+----------+-------------------------------------------
     0 | D:1      | Gottschkopf the Deep Elf Conjurer began the quest for the Orb.
     0 | D:1      | Reached XP level 1. HP: 10/10 MP: 6/6
   234 | D:1      | Reached XP level 2. HP: 15/15 MP: 0/8
   819 | D:2      | Noticed Sigmund
   888 | D:1      | Learned a level 2 spell: Searing Ray
   939 | D:2      | Killed from afar by Sigmund

Vault maps used:
D:1:      elethiomel_arrival_fortress_basement, minmay_cupped
D:2:      lemuel_round_altar, serial_forest, infiniplex_forest_clump_tiny,
          infiniplex_forest_zigzag_1, infiniplex_forest_3_way,
          infiniplex_forest_lined_2, infiniplex_forest_zigzag_2,
          infiniplex_forest_lined_room_, infiniplex_forest_end_double,
          infiniplex_forest_end_3, infiniplex_forest_lined_room_3, uniq_jessica,
          uniq_sigmund

Skill      XL: |  1  2 |
---------------+-------+-----
Spellcasting   | 4 |  4.7
Dodging        | |  2.4
Stealth        | |  2.4
Conjurations   | |  4.3

Action                   || total
-------------------------++-------
 Cast: Magic Dart        ||    42
       Searing Ray       ||     2
  Eat: Meat ration       ||     1
Armor: Robe              ||     1
Dodge: Dodged            ||     5
